 Dungeon Crawl Stone Soup version 0.30.1-3-gfc49f6343a (webtiles) character file.

Game seed: 8191082143416175461

1347 Fodor the Covered (level 8, -1/70 HPs)
             Began as a Minotaur Fighter on Aug 1, 2023.
             Engulfed by a cloud of flame (6 damage)
             ... on level 6 of the Dungeon.
             The game lasted 00:34:33 (5600 turns).

Fodor the Covered (Minotaur Fighter)                Turns: 5600, Time: 00:34:33

Health: -1/70      AC: 18    Str: 24    XL:     8   Next: 36%
Magic:  7/7        EV: 12    Int:  5    God:
Gold:   151        SH:  5    Dex: 12    Spells: 7/7 levels left

rFire   . . .        k - +4 spear
rCold   . . .        c - +0 buckler
rNeg    . . .        w - +0 plate armour
rPois   .            (helmet restricted)
rElec   .            I - scarf {+Inv}
rCorr   .            n - +2 pair of gloves {Dex+3}
SInv    .            r - +0 pair of boots
Will    .....        (no amulet) Stlth
                     i - +5 ring of evasion
HPRegen 0.31/turn    (no ring)
MPRegen 0.10/turn

%: no passive effects
@: no status effects
A: horns 2, retaliatory headbutt
a: Evoke Invisibility


You were on level 6 of the Dungeon.
You visited 1 branch of the dungeon, and saw 6 of its levels.

You collected 268 gold pieces.
You spent 117 gold pieces at shops.

Inventory:

Hand Weapons
 k - a +4 spear (weapon)
 m - a +4 quarterstaff of chaos
Missiles
 z - 4 poisoned darts (quivered)
 E - 5 curare-tipped darts
Armour
 a - a +0 cloak
 c - a +0 buckler (worn)
 n - a +2 pair of gloves of dexterity (worn)
 r - a +0 pair of boots (worn)
 w - a +0 plate armour (worn)
 I - a scarf of invisibility (worn)
Jewellery
 i - a +5 ring of evasion (left hand)
 q - a ring of magical power
Wands
 l - a wand of flame (19)
 v - a wand of digging (7)
 C - a wand of iceblast (8)
 D - a wand of paralysis (3)
Scrolls
 f - 3 scrolls of amnesia {unknown}
 g - 8 scrolls of identify {unknown}
 h - 3 scrolls of brand weapon {unknown}
 o - 10 scrolls of teleportation {unknown}
 p - 2 scrolls of immolation
 t - a scroll of enchant armour {unknown}
 y - a scroll of blinking {unknown}
 B - a scroll of fog {unknown}
 J - a scroll of acquirement {unknown}
 K - a scroll of noise {unknown}
Potions
 b - a potion of flight {unknown}
 d - 3 potions of might
 e - 3 potions of lignification {unknown}
 j - a potion of cancellation
 s - a potion of magic {unknown}
 u - a potion of brilliance {unknown}
 x - 2 potions of ambrosia {unknown}
 A - 2 potions of curing
 G - a potion of mutation {unknown}


   Skills:
 + Level 6.1 Fighting
 + Level 4.5 Long Blades
 + Level 6.3 Polearms
 + Level 7.5 Armour
 + Level 2.3 Dodging
 + Level 1.0 Stealth
 + Level 5.0 Shields


You had 7 spell levels left.
You didn't know any spells.
Your spell library contained the following spells:

 Spells                   Type           Power      Damage    Failure   Level
 Poisonous Vapours        Pois/Air       0%         N/A       100%        2
 Mephitic Cloud           Conj/Pois/Air  0%         N/A       100%        3
 Ozocubu's Armour         Ice            0%         N/A       100%        3
 Freezing Cloud           Conj/Ice/Air   0%         6-21      100%        5
 Ozocubu's Refrigeration  Ice            0%         4d7       100%        7


Dungeon Overview and Level Annotations

Branches:
Dungeon (6/15)
 Temple: D:4-7

Altars:
Dithmenos
Fedhas
Kikubaaqudgha
Nemelex Xobeh
Uskayaw
Vehumet

Shops:
D:5 *


Innate Abilities, Weirdness & Mutations

You have a pair of horns on your head.
You reflexively headbutt those who attack you in melee.


Message History

Your sleepcap is engulfed in blazing flames.
Your sleepcap dissolves into shadows!
Your sleepcap explodes!
The fiery explosion engulfs the wight!!
The wight dissolves into shadows!
The fiery explosion engulfs the orc wizard!!
The wight dissolves into shadows! x4
The orc wizard explodes!
The fiery explosion engulfs the orc!! x2
You kill the orc!
The orc explodes!
The wight explodes!
The fiery explosion engulfs you!!
* * * LOW HITPOINT WARNING * * *
Your Fighting skill increases to level 6!
Unknown command.
The orc priest mumbles some strange prayers to Beogh against you.
You struggle to resist.
The orc priest looks braver for a moment.
The orc priest looks encouraged for a moment.
Your bullfrog hits the orc priest but does no damage.
You feel much better.
Your bullfrog hits the orc priest!
The orc priest hits your bullfrog with a +0 club.
Flame seeps out of your bullfrog.
The orc priest calls down the wrath of Beogh upon you.
Pain shoots through your body!
Your bullfrog is engulfed in blazing flames.
Flame seeps out of your bullfrog.
Your bullfrog closely misses the orc priest.
You puncture the orc!
The orc explodes!
The fiery explosion engulfs you!!
* * * LOW HITPOINT WARNING * * *
You are engulfed in blazing flames.
* * * LOW HITPOINT WARNING * * *
The orc priest invokes the aid of Beogh against your bullfrog.
Your bullfrog is smitten.
Your bullfrog's corpse dissolves into shadows!
Your bullfrog explodes!
The fiery explosion engulfs the orc priest!
You kill the orc priest!
You barely miss the orc priest.
You are engulfed in blazing flames.
You die...

.......... .................
........... .................
............ .................
##........... #...............
##..#>.......###.....§........
....#...........o.oo°§........
...............o...§##§§..#
#............#..##§§§.§§# ##
#............#.o@§.§§§§§##.##
##..............§§#§.##.....#
.................##........##
.........................#.#
##.................##....###
#............###.#..#...##
#..#...####...#..........##
...########...............#
...# #..)....##.###...##


You could see an orc priest (inner flame) and an orc (inner flame).

Vanquished Creatures
  A black bear (D:5)
  A sky beast (D:6)
  5 ogres
  5 scorpions
  An orc priest (D:6)
  Crazy Yiuf (D:2)
  A hound (D:5)
  Jessica (D:2)
  3 iguanas
  An orc wizard (D:6)
  4 gnolls (D:2)
  9 adders
  2 white imps
  An ufetubus (D:5)
  2 worms
  2 dart slugs
  7 orcs
  9 endoplasms
  4 giant cockroaches
  6 hobgoblins
  2 jackals (D:1)
  6 kobolds
  6 quokkas
  3 ball pythons
  6 bats
  3 frilled lizards (D:1)
  7 goblins
  2 rats
101 creatures vanquished.

Notes
Turn   | Place    | Note
-------+----------+-------------------------------------------
     0 | D:1      | Fodor the Minotaur Fighter began the quest for the Orb.
     0 | D:1      | Reached XP level 1. HP: 19/19 MP: 0/0
   282 | D:1      | Reached XP level 2. HP: 18/27 MP: 1/1
   584 | D:1      | Reached skill level 4 in Armour
   764 | D:2      | Reached XP level 3. HP: 33/33 MP: 2/2
   944 | D:2      | HP: 1/34 [gnoll/+0 halberd (2)]
   947 | D:2      | Reached XP level 4. HP: 2/41 MP: 3/3
  1103 | D:2      | Noticed Jessica
  1114 | D:2      | Killed Jessica
  1342 | D:2      | Found a runed translucent door.
  1343 | D:2      | Noticed Crazy Yiuf
  1348 | D:2      | Killed Crazy Yiuf
  1349 | D:2      | Reached skill level 1 in Dodging
  1349 | D:2      | Reached XP level 5. HP: 35/47 MP: 4/4
  1727 | D:3      | Reached skill level 1 in Polearms
  2931 | D:4      | Reached skill level 5 in Armour
  2931 | D:4      | Reached XP level 6. HP: 53/53 MP: 5/5
  2943 | D:4      | Found a hide-covered altar of Uskayaw.
  2956 | D:4      | Found a radiant altar of Vehumet.
  3267 | D:4      | Found a blossoming altar of Fedhas.
  3615 | D:4      | Found a sparkling altar of Nemelex Xobeh.
  3859 | D:4      | Found an ancient bone altar of Kikubaaqudgha.
  3977 | D:5      | Entered Level 5 of the Dungeon
  4171 | D:5      | Reached XP level 7. HP: 60/60 MP: 6/6
  4203 | D:5      | Found Duwyshu's General Store.
  4468 | D:5      | Reached skill level 5 in Fighting
  4474 | D:5      | Reached skill level 6 in Armour
  4480 | D:5      | Reached skill level 5 in Polearms
  4480 | D:5      | Reached skill level 1 in Stealth
  4736 | D:5      | Found a shadowy altar of Dithmenos.
  4979 | D:5      | Reached XP level 8. HP: 64/69 MP: 7/7
  5266 | D:5      | Bought a potion of curing for 39 gold pieces
  5266 | D:5      | Bought a potion of heal wounds for 65 gold pieces
  5266 | D:5      | Bought a potion of degeneration for 13 gold pieces
  5299 | D:6      | Reached skill level 7 in Armour
  5546 | D:6      | Reached skill level 5 in Shields
  5600 | D:6      | Engulfed by a cloud of flame

Illustrated notes

Levels and vault maps discovered:
D:1:      tekkud_arrival_beachfront_property, layout_basic, st_stairs_1
D:2:      layout_basic, kennysheep_nub, minmay_misc_feat_rows,
          uniq_crazy_yiuf_cottage, uniq_jessica
D:3:      layout_basic, minmay_misc_feat_hallway, grunt_decor_arrowhead,
          nrook_mini_backslash, st_stairs_5, minmay_misc_feat_x
D:4:      layout_basic, fedhas_altar_fruit_tree, kennysheep_mini_moat,
          mainiacjoe_overflow_chevrons, mainiacjoe_overflow_catwalk_spiral,
          kennysheep_generic_room_2
D:5:      layout_layer_cave, grunt_dithmenos_smoke, serial_shops, shop
D:6:      layout_cave_pools, dreamdust_wishing_well

Skill      XL: |  1  2  3  4  5  6  7  8 |
---------------+-------------------------+-----
Fighting       | 4 5 6 |  6.1
Armour         | 4 5 6 7 |  7.5
Long Blades    | 3 4 |  4.5
Dodging        | 1 2 |  2.3
Shields        | 4 5 |  5.0
Polearms       | 2 4 5 6 |  6.3
Stealth        | 1 |  1.0

Action                     |  1- 3 |  4- 6 |  7- 9 || total
---------------------------+-------+-------+-------++-------
  Melee: Long sword        |    52 |       |       ||    52
         Headbutt          |     9 |    19 |    19 ||    47
         Spear             |     7 |   105 |    70 ||   182
    Use: Potion            |       |     3 |     1 ||     4
         Scroll            |       |       |     2 ||     2
 Armour: Scale mail        |    44 |    19 |       ||    63
         Plate armour      |       |     2 |    49 ||    51
  Dodge: Dodged            |    38 |    76 |    45 ||   159
  Block: Buckler           |    18 |    25 |    10 ||    53
